 Dungeon Crawl Stone Soup version 0.31-a0-1074-g0b22e4e0f1 (webtiles) character file.

Game seed: 1091868523667220307

27 grandjackal the Slasher (level 2, -4/23 HPs)
             Began as a Demonspawn Gladiator on Nov 29, 2023.
             Slain by Sigmund
             ... wielding a +0 scythe
              (7 damage)
             ... on level 2 of the Dungeon.
             The game lasted 00:01:29 (909 turns).

grandjackal the Slasher (Demonspawn Gladiator)       Turns: 909, Time: 00:01:29

Health: -4/23      AC:  4    Str: 14    XL:     2   Next: 93%
Magic:  2/2        EV: 14    Int:  9    God:
Gold:   56         SH:  0    Dex: 14    Spells: 1/1 levels left

rFire   . . .        k - +4 dagger
rCold   . . .        (no shield)
rNeg    . . .        b - +0 leather armour
rPois   .            c - +0 helmet
rElec   .            (no cloak)
rCorr   .            (no gloves)
SInv    .            (no boots)
Will    +....        (no amulet)
Stlth   +            (no ring)
HPRegen 0.23/turn    (no ring)
MPRegen 0.08/turn

%: no passive effects
@: attractive, enlightened, flying, hasted, very quick
A: repulsion field 1
a: no special abilities


You were on level 2 of the Dungeon.
You visited 1 branch of the dungeon, and saw 2 of its levels.

You collected 56 gold pieces.

Inventory:

Hand Weapons
 a - a +0 long sword
 k - a +4 dagger (weapon)
Missiles
 d - 3 throwing nets (quivered)
 e - a javelin
Armour
 b - a +0 leather armour (worn)
 c - a +0 helmet (worn)
Scrolls
 i - a scroll of enchant weapon {unknown}
 j - a scroll of amnesia {unknown}
 l - a scroll of identify {unknown}
 r - a scroll of fear {unknown}


   Skills:
 + Level 2.4 Fighting
 + Level 3.0 Long Blades
 - Level 2.1 Throwing
 + Level 3.0 Dodging


You had one spell level left.
You didn't know any spells.
Your spell library was empty.

Dungeon Overview and Level Annotations

Branches:
Dungeon (2/15)

Altars:

Annotations:
D:2 Sigmund


Innate Abilities, Weirdness & Mutations

You are surrounded by a mild repulsion field. (EV +2)


Message History

You hear some strange, mumbled words.
You are confused.
You bump into the rock wall.
You hear some strange, mumbled words.
A puff of flame appears from out of thin air!
The puff of flame hits you!
You bump into the rock wall.
You hear some strange, mumbled words.
A puff of flame appears from out of thin air!
The puff of flame hits you.
* * * LOW HITPOINT WARNING * * *
You closely miss something.
You hear some strange, mumbled words.
Something tries to affect you, but you resist.
You feel better. Something hits you.
* * * LOW HITPOINT WARNING * * *
You hit something but do no damage. You closely miss something.
You hear some strange, mumbled words.
You are confused.
It was a potion of brilliance.
You feel clever all of a sudden. Something hits you.
* * * LOW HITPOINT WARNING * * *
It was a potion of magic.
Magic courses through your body. Something hits you.
* * * LOW HITPOINT WARNING * * *
It was a potion of cancellation.
Your magical effects are unravelling.
You feel magically purged.
You feel less confused.
You feel a little less clever now.
It was a potion of haste.
You feel yourself speed up.
You hear some strange, mumbled words.
Something tries to affect you, but you resist.
It was a potion of enlightenment.
You feel very buoyant.
You fly up into the air.
Something barely misses you.
It was a potion of attraction.
You feel attractive to monsters.
You hit something but do no damage. Something hits you!
You die...

#.......#.##........#####
#####.#####.#.#####.........#
....#.....#.#.#########.....#
###.#####.#......# #.##..# #
#.....#.###.##.######.##..#
#######.#...#.#..##.....#...# ..#
#.###.#.#..##>....#.#.# #.#
#.....#.#...#.###.#...##### #.#
#####.#.#.@.#.#>.......<...
#.###########.###{#.#.#.#...#####
#.............#...#.#.#...#.#
###############.###.#.#.....# ##
#.# #.#.#...######. #.#
..#.#.......##. #.# #.#..####.##.
#.# #.#.......#.< @..
#.#.##..#####


There were no monsters in sight!

Vanquished Creatures
  A dart slug (D:1)
  4 endoplasms (D:1)
  A giant cockroach (D:1)
  3 goblins (D:1)
  4 hobgoblins (D:1)
  A kobold (D:1)
  A quokka (D:1)
  2 ball pythons (D:1)
  4 bats (D:1)
  A frilled lizard (D:1)
  A rat (D:1)
23 creatures vanquished.

Notes
Turn   | Place    | Note
-------+----------+-------------------------------------------
     0 | D:1      | grandjackal the Demonspawn Gladiator began the quest for
                  | the Orb.
     0 | D:1      | Reached XP level 1. HP: 16/16 MP: 1/1
   144 | D:1      | Gained mutation: You are surrounded by a mild repulsion
                  | field. (EV +2) [demonic ancestry]
   144 | D:1      | Reached XP level 2. HP: 22/22 MP: 2/2
   855 | D:2      | Noticed Sigmund
   909 | D:2      | Slain by Sigmund

Illustrated notes

Levels and vault maps discovered:
D:1:      dpeg_arrival_simpleton_c, layout_basic,
          hangedman_abyss_or_decor_stabs, st_stairs_6, serial_bayou_crossing
D:2:      layout_basic, ebering_dispersal_statue_hall, wad_orctagon,
          uniq_natasha, uniq_sigmund

Skill      XL: |  1  2 |
---------------+-------+-----
Throwing       | 2 |  2.1
Long Blades    | 3 |  3.0
Dodging        | 3 |  3.0
Fighting       | |  2.4

Action                     || total
---------------------------++-------
  Melee: Long sword        ||    48
         Dagger            ||    25
    Use: Potion            ||    11
 Armour: Leather armour    ||    44
  Dodge: Dodged            ||    49

Table legend: (Time is in decaauts)
 A = Elapsed time spent in this place.
 B = Non-inter-level travel time spent in this place.
 C = Inter-level travel time spent in this place.
 D = Time resting spent in this place.
 E = Time spent auto-exploring this place.
 F = Levels seen in this place.
 G = Mean time per level.
                   A        B        C        D        E       F      G
               +--------+--------+--------+--------+--------+-----+--------+
         Total |    930 |    903 |     27 |      6 |    694 |   2 |  465.0 |
       Dungeon |    930 |    903 |     27 |      6 |    694 |   2 |  465.0 |
               +--------+--------+--------+--------+--------+-----+--------+

Top non-repeatable levels by time:
     D:1: 698 daAuts
     D:2: 232 daAuts
